 Dungeon Crawl Stone Soup version 0.31.0-1-g2c135a008e (webtiles) character file.

Game seed: 16628245527602153881

56 Peloso the Covered (level 3, -2/33 HPs)
             Began as a Minotaur Fighter on Jan 20, 2024.
             Slain by a gnoll
             ... wielding a +0 flail
              (4 damage)
             ... on level 2 of the Dungeon.
             The game lasted 00:01:14 (983 turns).

Peloso the Covered (Minotaur Fighter)                Turns: 983, Time: 00:01:15

Health: -2/33      AC:  7    Str: 20    XL:     3   Next: 69%
Magic:  2/2        EV:  9    Int:  5    God:
Gold:   19         SH:  4    Dex: 11    Spells: 2/2 levels left

rFire   . . .        a - +0 long sword
rCold   . . .        c - +0 buckler
rNeg    . . .        b - +0 scale mail
rPois   .            (helmet restricted)
rElec   .            (no cloak)
rCorr   .            (no gloves)
SInv    .            (no boots)
Will    .....        (no amulet) Stlth
                     (no ring)
HPRegen 0.25/turn    (no ring)
MPRegen 0.08/turn

%: no passive effects
@: no status effects
A: horns 2, retaliatory headbutt
a: no special abilities


You were on level 2 of the Dungeon.
You visited 1 branch of the dungeon, and saw 2 of its levels.

You collected 19 gold pieces.

Inventory:

Hand Weapons
 a - a +0 long sword (weapon)
Armour
 b - a +0 scale mail (worn)
 c - a +0 buckler (worn)
Jewellery
 i - a ring of ice
Scrolls
 f - a scroll of immolation {unknown}
 g - a scroll of identify {unknown}
 h - a scroll of fog {unknown}
Potions
 d - a potion of might


   Skills:
 + Level 4.1 Fighting
 + Level 3.3 Long Blades
 + Level 4.2 Armour
 + Level 0.8 Dodging
 + Level 4.0 Shields


You had 2 spell levels left.
You didn't know any spells.
Your spell library was empty.

Dungeon Overview and Level Annotations

Branches:
Dungeon (2/15)

Altars:


Innate Abilities, Weirdness & Mutations

You have a pair of horns on your head.
You reflexively headbutt those who attack you in melee.


Message History

The gnoll is heavily wounded.
The quokka bites you but does no damage.
The gnoll hits you with a +0 club.
You slash the gnoll!
You kill the gnoll!
The quokka closely misses you. You block the quokka's attack.
You hit the gnoll.
The gnoll is moderately wounded.
The gnoll completely misses you.
The quokka bites you but does no damage.
The gnoll hits you with a +0 whip!
You hit the gnoll. Your headbutt misses the gnoll.
The gnoll is heavily wounded.
The quokka closely misses you. The quokka bites you.
The gnoll barely misses you.
You barely miss the gnoll.
The gnoll is heavily wounded.
The quokka misses you. You block the gnoll's attack.
The quokka closely misses you.
You slash the gnoll!
You kill the gnoll!
The quokka bites you but does no damage.
The gnoll hits you but does no damage.
Unknown command.
You barely miss the quokka. The quokka barely misses you.
The gnoll hits you with a +0 flail!
You slash the quokka!
You kill the quokka!
The gnoll hits you with a +0 flail!
* * * LOW HITPOINT WARNING * * *
The gnoll attacks as it pursues you! The gnoll barely misses you.
Found a stone staircase leading up.
The gnoll attacks as it pursues you! The gnoll closely misses you.
You see here a quokka corpse.
The gnoll attacks as it pursues you! The gnoll hits you with a +0 flail.
* * * LOW HITPOINT WARNING * * *
You hit the gnoll.
The gnoll is heavily wounded.
The gnoll hits you with a +0 flail.
You die...

... ..# ..# #.# .
#.# #.# <. #.# #.#
#.####.###.#########
#..........†..<)...#
###.......#######.#
#.....###g#
#.#...###@#### .
#.....†....# #.
#.###.#.##.# ..#.
#)#.##.# #.#..
#.#.##.#
B.....##)#.##.#
.#........##.#
..g...........#
#r#......######


You could see a gnoll.

Vanquished Creatures
  3 gnolls (D:2)
  2 ball pythons
  2 giant cockroaches (D:1)
  2 goblins (D:1)
  2 hobgoblins (D:1)
  5 jackals
  A quokka (D:2)
  4 bats
  A frilled lizard (D:1)
  4 rats (D:1)
26 creatures vanquished.

Notes
Turn   | Place    | Note
-------+----------+-------------------------------------------
     0 | D:1      | Peloso the Minotaur Fighter began the quest for the Orb.
     0 | D:1      | Reached XP level 1. HP: 19/19 MP: 0/0
   194 | D:1      | Reached XP level 2. HP: 24/27 MP: 1/1
   410 | D:1      | Found a faded altar of an unknown god.
   950 | D:2      | Reached XP level 3. HP: 22/33 MP: 2/2
   980 | D:2      | HP: 1/33 [gnoll/+0 flail (5)]
   983 | D:2      | Slain by a gnoll

Illustrated notes

Levels and vault maps discovered:
D:1:      ldierk_walled_garden, layout_loops_corners,
          shapermc_ecumenical_altar_mp_highgroup
D:2:      layout_loops_ring, minmay_fountain_box, nicolae_shop_unique_rings,
          st_stairs_10, kennysheep_cross_room

Skill      XL: |  1  2 |
---------------+-------+-----
Armour         | 4 |  4.2
Fighting       | 4 |  4.1
Long Blades    | 3 |  3.3
Shields        | 4 |  4.0
Dodging        | |  0.8

Action                     || total
---------------------------++-------
  Melee: Long sword        ||    59
         Headbutt          ||     5
    Use: Scroll            ||     1
 Armour: Scale mail        ||    57
  Dodge: Dodged            ||    42
  Block: Buckler           ||    19
